 Dungeon Sprint DCSS version 0.30-a0-359-gd0147acb1a (webtiles) character file.

Game seed: 13302671119445004898

0 fingers the Covered (level 1, -4/20 HPs)
             Began as a Minotaur Fighter on Nov 11, 2022.
             Was a Follower of Makhleb.
             Succumbed to a scorpion's poison
             ... in the Dungeon (Sprint VI: "Thunderdome").
             The game lasted 00:00:57 (68 turns).

fingers the Covered (Minotaur Fighter)                Turns: 68, Time: 00:00:58

Health: -4/20      AC:  7    Str: 20    XL:     1   Next: 33%
Magic:  0/0        EV:  9    Int:  5    God:    Makhleb [*.....]
Gold:   200        SH:  4    Dex:  9    Spells: 0/0 levels left

rFire   . . .      SeeInvis .    a - +0 war axe
rCold   . . .      Faith    .    c - +0 buckler
rNeg    . . .      Spirit   .    b - +0 scale mail
rPois   .          Reflect  .    (helmet restricted)
rElec   .          Harm     .    (no cloak)
rCorr   .          Rampage  .    (no gloves)
Will    .....      NoTele   +    (no boots)
Stlth   ..........               (no amulet)
HPRegen 0.23/turn                (no ring)
MPRegen 0.07/turn                (no ring)

@: lethally poisoned (-4 -> -26)
A: horns 2, retaliatory headbutt
a: Renounce Religion


You were in the Dungeon.
You worshipped Makhleb.
Makhleb was aware of your devotion.
You visited 1 branch You collected 200 gold pieces.

Inventory:

Hand Weapons
 a - a +0 war axe (weapon)
Armour
 b - a +0 scale mail (worn)
 c - a +0 buckler (worn)
Wands
 l - a wand of quicksilver (5)
 m - a wand of iceblast (4) (quivered)
Scrolls
 j - 4 scrolls of blinking
 n - 3 scrolls of butterflies
Potions
 d - a potion of might
 e - a potion of curing
 f - 4 potions of heal wounds
 g - 4 potions of haste
 h - 2 potions of magic
 i - a potion of berserk rage
 k - a potion of resistance


   Skills:
 + Level 4.0 Fighting
 + Level 2.6 Axes
 + Level 4.1 Armour
 + Level 4.1 Shields


You couldn't memorise any spells.
You didn't know any spells.
Your spell library was empty.

Dungeon Overview and Level Annotations

Branches:
Dungeon (1/1)

Altars:
Cheibriados
Dithmenos
Fedhas
Gozag
Kikubaaqudgha
Makhleb
Okawaru
Qazlal
Ru
Trog
Uskayaw
Vehumet
Wu Jian
Xom
Zin
The Shining One
Lugonu

Shops:
D *[?**[((!!!!


Innate Abilities, Weirdness & Mutations

You have a pair of horns on your head.
You reflexively headbutt those who attack you in melee.


Message History

You hit the frilled lizard but do no damage.
You slash the endoplasm!
You kill the endoplasm!
Makhleb accepts your kill.
The frilled lizard bites you but does no damage.
Your Fighting skill increases to level 4!
Your Armour skill increases to level 4!
Your Shields skill increases to level 4!
You slash the frilled lizard!
You kill the frilled lizard!
Makhleb accepts your kill.
You can now gain health from killing.
A scorpion comes into view. 50...
Are you sure you want to abandon this character and quit the game? (Confirm with "yes".)
Okay, then.
The mass of ice explodes!
The iceblast engulfs the scorpion!
The scorpion is almost dead.
A hound comes into view.
The hound barks!
You hit the scorpion but do no damage. Your headbutt misses the scorpion.
The scorpion is almost dead.
The scorpion stings you. x2
You are lethally poisoned!
The scorpion poisons you!
You closely miss the scorpion.
The scorpion is almost dead.
You feel very sick.
The scorpion stings you but does no damage.
You barely miss the scorpion.
The scorpion is almost dead.
* * * LOW HITPOINT WARNING * * *
You feel very sick. You block the scorpion's attack. The scorpion stings you.
* * * LOW HITPOINT WARNING * * *
You are more poisoned.
The scorpion poisons you! You block the hound's attack.
You closely miss the scorpion.
The scorpion is almost dead.
You hit the hound.
You die...

#.8.........8.####
##.___...... #......___
#∩........8. #.8.......
............###.........
.........# #...###......
.........# #.<.# #......
.........###...###......
............###.........
#∩....h@).8.# #.8.......
##∩___.s....###......._.
######.8.........8.####
#§...........⌠#
###.........###
#........_# #_......._#
#_......._# #∩.......∩#


You could see a scorpion and a hound.

Vanquished Creatures
  An endoplasm (D)
  A frilled lizard (D)
  A kobold (D)
3 creatures vanquished.

Notes
Turn   | Place    | Note
-------+----------+-------------------------------------------
     0 | D        | fingers the Minotaur Fighter began the quest for the Orb.
     0 | D        | Reached XP level 1. HP: 19/19 MP: 0/0
     3 | D        | Found a snail-covered altar of Cheibriados.
     3 | D        | Found a shadowy altar of Dithmenos.
     4 | D        | Found a hide-covered altar of Uskayaw.
     4 | D        | Found an iron altar of Okawaru.
     5 | D        | Found a burning altar of Makhleb.
     5 | D        | Round 1.
     6 | D        | Found Eseil's Distillery.
     6 | D        | Found a blossoming altar of Fedhas.
     6 | D        | Found Fomug's Do-It-Yourself Clinic.
     7 | D        | Found Kepliweg's Distillery.
     7 | D        | Found Goppig's Bottled Wisdom.
     8 | D        | Found a shimmering altar of Xom.
     9 | D        | Found Wific's Staff Store.
    17 | D        | Became a worshipper of Makhleb the Destroyer
    25 | D        | Found an opulent altar of Gozag.
    26 | D        | Found a stormy altar of Qazlal.
    28 | D        | Found a radiant altar of Vehumet.
    30 | D        | Found Aphaecef's Weapon Rack.
    32 | D        | Found Nunwodd's Basic Armour.
    32 | D        | Found Anas's Miscellaneous Merchandise.
    33 | D        | Found a glowing silver altar of Zin.
    33 | D        | Found a sacrificial altar of Ru.
    33 | D        | Found Haejegug's Premium Goods.
    53 | D        | Found a glowing golden altar of the Shining One.
    55 | D        | Found an ornate altar of the Wu Jian Council.
    56 | D        | Found Kaor's Identification Station.
    58 | D        | Found Reghee's Advanced Armour.
    58 | D        | Found Plog's Jewellery.
    60 | D        | Found a corrupted altar of Lugonu.
    60 | D        | Found a bloodstained altar of Trog.
    60 | D        | Found an ancient bone altar of Kikubaaqudgha.
    62 | D        | Reached * piety under Makhleb
    63 | D        | Noticed a scorpion
    64 | D        | Noticed a hound
    67 | D        | HP: 1/20 [scorpion (3)]
    68 | D        | Succumbed to a scorpion's poison

Illustrated notes

Levels and vault maps discovered:
D:        arena_sprint

Skill      XL: |  1 |
---------------+----+-----
Fighting       | 4 |  4.0
Armour         | 4 |  4.1
Shields        | 4 |  4.1
Axes           | |  2.6

Action                   || total
-------------------------++-------
Melee: War axe           ||     7
       Headbutt          ||     1
Evoke: Wand              ||     1
Armor: Scale mail        ||     2
Dodge: Dodged            ||     2
Block: Buckler           ||     4

Table legend: (Time is in decaauts)
 A = Elapsed time spent in this place.
 B = Non-inter-level travel time spent in this place.
 C = Inter-level travel time spent in this place.
 D = Time resting spent in this place.
 E = Time spent auto-exploring this place.
 F = Levels seen in this place.
 G = Mean time per level.
                   A        B        C        D        E       F      G
               +--------+--------+--------+--------+--------+-----+--------+
         Total |     70 |     70 |      0 |      0 |      0 |   1 |   70.0 |
       Dungeon |     70 |     70 |      0 |      0 |      0 |   1 |   70.0 |
               +--------+--------+--------+--------+--------+-----+--------+

Top non-repeatable levels by time:
       D: 70 daAuts
